 Dungeon Crawl Stone Soup version 0.24.1-14-gf8d2b509d9 (webtiles) character file.

Game seed: 14473940518672210214, levelgen mode: deterministic

98 Gabide the Ducker (level 5, -1/31 HPs)
             Began as a Kobold Gladiator on May 22, 2020.
             Slain by an orc priest
             ... wielding a +0 morningstar
              (6 damage)
             ... on level 3 of the Dungeon.
             The game lasted 00:07:37 (2347 turns).

Gabide the Ducker (Kobold Gladiator)                Turns: 2347, Time: 00:07:37

Health: -1/31      AC:  6    Str: 11 (12) XL:     5   Next: 0%
Magic:  5/5        EV: 16    Int:  7 (9)  God:
Gold:   82         SH:  0    Dex: 14 (17) Spells: 4/4 levels left

rFire    . . .     SeeInvis .   a - +0 flail
rCold    . . .     Gourm    .   (shield restricted)
rNeg     . . .     Faith    .   b - +0 leather armour
rPois    .         Spirit   .   e - +1 helmet
rElec    .         Reflect  .   n - +0 cloak
rCorr    .         Harm     .   (no gloves)
MR       .....                  (no boots)
Stlth    +.........             (no amulet)
HPRegen  0.10/turn              (no ring)
MPRegen  0.09/turn              (no ring)

@: no status effects
A: small, carnivore
a: no special abilities


You were on level 3 of the Dungeon.
You were completely stuffed.

You visited 1 branch of the dungeon, and saw 3 of its levels.

You collected 82 gold pieces.

Inventory:

Hand Weapons
 a - a +0 flail (weapon)
Missiles
 g - 70 stones
 i - a throwing net (quivered)
Armour
 b - a +0 leather armour (worn)
 c - a +0 helmet
 e - a +1 helmet (worn)
 n - a +0 cloak (worn)
Scrolls
 h - 2 scrolls of immolation
 k - 2 scrolls of identify
 l - 2 scrolls of amnesia
Potions
 d - a potion of flight {unknown}
 o - a potion of brilliance
Comestibles
 f - 4 rations
 j - 3 chunks of flesh


   Skills:
 + Level 2.6 Fighting
 * Level 3.9 Maces & Flails
 + Level 2.4 Throwing
 + Level 1.0 Armour
 + Level 4.2 Dodging


You had 4 spell levels left.
You didn't know any spells.
Your spell library was empty.

Dungeon Overview and Level Annotations

Branches:
Dungeon (3/15)

Altars:
Elyvilon


Innate Abilities, Weirdness & Mutations

You are small and have problems with some larger weapons.
You are carnivorous and can eat meat at any time.


Message History

You are too injured to fight recklessly!
You are too injured to fight recklessly!
You are too injured to fight recklessly!
You are too injured to fight recklessly!
You are too injured to fight recklessly!
You are too injured to fight recklessly!
You are too injured to fight recklessly!
You are too injured to fight recklessly!
You are too injured to fight recklessly!
You are too injured to fight recklessly!
You are too injured to fight recklessly!
You are too injured to fight recklessly!
You are too injured to fight recklessly!
You are too injured to fight recklessly!
You are too injured to fight recklessly!
Unknown command.
You completely miss the orc priest.
The orc priest is moderately wounded.
The orc priest hits you with a +0 morningstar.
You die...

## .. # #. .# .
##.### .###..
..).##o.....
#.#.#.......
.#####.#.#o....#
......Z..@o....#
##.#.#........# #
#.....[....#
####.#........###
#...............#
.....#........#.#
###..#.##<.##.#....
#. #. #..# ?..... #
#. #..# #...


You could see an orc priest, 2 orcs and an adder skeleton.

Vanquished Creatures
  Robin (D:2)
  An adder (D:2)
  A worm (D:2)
  3 dart slugs
  3 leopard geckos (D:2)
  An orc (D:3)
  A giant cockroach (D:1)
  12 goblins
  12 hobgoblins
  6 jackals
  4 ball pythons
  6 bats
  4 kobolds
  4 rats
59 creatures vanquished.

Vanquished Creatures (others)
  A goblin (D:2)
1 creature vanquished.

Grand Total: 60 creatures vanquished

Notes
Turn   | Place    | Note
-------+----------+-------------------------------------------
     0 | D:1      | Gabide the Kobold Gladiator began the quest for the Orb.
     0 | D:1      | Reached XP level 1. HP: 12/12 MP: 1/1
   224 | D:1      | Reached XP level 2. HP: 17/17 MP: 2/2
   853 | D:2      | Reached skill level 4 in Dodging
   853 | D:2      | Reached XP level 3. HP: 15/22 MP: 3/3
  1456 | D:2      | Reached XP level 4. HP: 22/27 MP: 4/4
  1550 | D:2      | Found a white marble altar of Elyvilon.
  1562 | D:2      | Reached skill level 1 in Armour
  1562 | D:2      | Noticed Robin
  1583 | D:2      | HP: 2/40 [bat (1)]
  1651 | D:2      | Killed Robin
  2335 | D:3      | Reached XP level 5. HP: 30/31 MP: 5/5
  2347 | D:3      | Slain by an orc priest

Levels and vault maps discovered:
D:1:      denvon_arrival_waterhouse, layout_basic
D:2:      layout_rooms, nicolae_overflow_crystal_walls, uniq_robin
D:3:      layout_loops_cross, serial_undead, serial_undead_d, serial_undead_e,
          serial_undead_d, serial_undead_e, first_ration

Skill      XL: |  1  2  3  4 |
---------------+-------------+-----
Maces & Flails | 3 |  3.9
Dodging        | 4 |  4.2
Armour         | 1 |  1.0
Fighting       | |  2.6
Throwing       | |  2.4

Action                   |  1- 3 |  4- 6 || total
-------------------------+-------+-------++-------
Melee: Flail             |   110 |    80 ||   190
Throw: Throwing net      |     1 |     3 ||     4
       Stone             |       |     3 ||     3
  Use: Potion            |       |     5 ||     5
       Scroll            |       |     4 ||     4
 Stab: Distracted        |     1 |       ||     1
  Eat: Chunk             |    10 |     3 ||    13
Armor: Leather armour    |    38 |    21 ||    59
       Skin              |       |    77 ||    77
Dodge: Dodged            |   151 |    90 ||   241
